 Dungeon Crawl Stone Soup version 0.27.1 (webtiles) character file.

Game seed: 7502893683034985260

3903 robertstho the Thaumaturge (level 10, 0/64 HPs)
             Began as a Djinni Fire Elementalist on Sept 3, 2021.
             Was an Initiate of Gozag.
             Killed by divine providence
             ... invoked by an orc priest
              (14 damage)
             ... on level 8 of the Dungeon.
             The game lasted 00:12:53 (11857 turns).

robertstho the Thaumaturge (DjFE)                  Turns: 11857, Time: 00:12:54

Health: 0/64       AC:  2    Str:  7      XL:     10   Next: 43%
Gold:   652        EV: 13    Int: 18      God:    Gozag SH:  0 Dex: 13 (14)

rFire    + + .     SeeInvis .   e - +1 morningstar "Xithann" {freeze, rElec rC++}
rCold    + . .     Faith    .   (no shield)
rNeg     . . .     Spirit   .   a - +0 robe
rPois    ∞         Reflect  .   (no helmet)
rElec    +         Harm     .   (no cloak)
rCorr    .         Rampage  .   (no gloves)
Will     +....                  (boots unavailable)
Stlth    +++.......             (no amulet)
HPRegen  0.20/turn              (no ring)
MPRegen  0.00/turn              (no ring)

@: gold aura, flying
A: sickness immunity, fire resistance 2, cold vulnerability 1, float, innate
caster, hp casting, extra vitality 1, dopey 1
a: Renounce Religion, Potion Petition, Call Merchant, Bribe Branch


You were on level 8 of the Dungeon.
You worshipped Gozag.
Gozag was pleased with you.
You visited 2 branches of the dungeon, and saw 9 of its levels.

You collected 883 gold pieces.
You paid 231 gold pieces to Gozag.

Inventory:

Hand Weapons
 e - the +1 morningstar "Xithann" (weapon) {freeze, rElec rC++}
   (You found it on level 4 of the Dungeon)

   It freezes those it strikes, dealing additional cold damage.
   It can also slow down cold-blooded creatures.
   rC:        It greatly protects you from cold.
   rElec:     It insulates you from electricity.
 k - a +2 vorpal falchion
 m - a +2 short sword of venom
Missiles
 h - a throwing net
Armour
 a - a +0 robe (worn)
Wands
 l - a wand of digging (3)
 t - a wand of acid (10)
Scrolls
 b - 2 scrolls of fear {unknown}
 c - 2 scrolls of immolation {unknown}
 d - 5 scrolls of magic mapping {unknown}
 f - a scroll of fog {unknown}
 g - 4 scrolls of identify {unknown}
 i - a scroll of teleportation {unknown}
 j - 3 scrolls of blinking {unknown}
 o - 2 scrolls of enchant weapon {unknown}
 p - 2 scrolls of holy word {unknown}
Potions
 q - a potion of mutation
 r - a potion of resistance
 s - a potion of cancellation {unknown}


   Skills:
 + Level 2.2 Fighting
 + Level 0.9 Maces & Flails
 + Level 3.9 Dodging
 + Level 4.3 Stealth
 + Level 10.3 Spellcasting


You had 4 spell levels left.
You knew the following spells:

 Your Spells              Type           Power      Damage    Failure   Level
a - Foxfire               Conj/Fire      100%       2x1d9     1%          1
b - Conjure Flame         Conj/Fire      46%        6-21      1%          3
c - Inner Flame           Hex/Fire       46%        N/A       1%          3
d - Sticky Flame          Conj/Fire      46%        2d6       1%          4
e - Fireball              Conj/Fire      23%        3d11      3%          5
f - Sandblast             Erth           92%        2d19      1%          1
g - Blink                 Tloc           N/A        N/A       1%          2
h - Vampiric Draining     Necr           23%        2d9       1%          3
i - Call Canine Familiar  Summ           46%        N/A       1%          3
Your spell library was empty.

Dungeon Overview and Level Annotations

Branches:
Dungeon (8/15)             Temple (1/1) D:4
   Lair: D:8-11

Altars:
Cheibriados
Gozag
Hepliaklqana
Kikubaaqudgha
Qazlal
Ru
Vehumet
Wu Jian
Xom

Shops:
D:1 (

Annotations:
D:1 1182 axe
D:8 Joseph


Innate Abilities, Weirdness & Mutations

You are immune to sickness and miasma.
You are immune to poison.
Your flesh is very heat resistant. (rF++)
You are vulnerable to cold. (rC-)
You float through the air rather than walking.
You learn spells naturally, not from books.
Your magical power is your life essence.
You have superior vitality. (+4 HP)
You are dopey. (Int -2)


Message History

An orc comes into view. It is wielding a +0 short sword.
Casting: Fireball (dangerous; 3% risk of failure)
Confirm with . or Enter, or press ? or * to list all spells.
Aiming: Fireball (dangerous; 3% risk of failure)
Press: ? - help, Shift-Dir - straight line, f - orc warrior
Aim: an orc warrior, wielding a +0 scimitar and wearing a +0 plate armour The fireball explodes!
The fireball engulfs the orc warrior.
The orc warrior is lightly wounded.
You hear a shout! x2
An orc comes into view. It is wielding a +0 dagger.
The orc is distracted by your dazzling golden aura.
Unknown command.
Casting: Fireball (dangerous; 3% risk of failure)
Confirm with . or Enter, or press ? or * to list all spells.
Aiming: Fireball (dangerous; 3% risk of failure)
Press: ? - help, Shift-Dir - straight line, f/p - orc warrior
Aim: an orc warrior, wielding a +0 scimitar and wearing a +0 plate armour (lightly wounded)
The fireball explodes!
The fireball engulfs the orc warrior.
The orc warrior is moderately wounded.
The orc shouts!
* * * LOW HITPOINT WARNING * * *
You hear a shout!
You hear an angry hiss.
The orc is no longer distracted by gold.
The orc warrior is distracted by your dazzling golden aura.
An orc priest comes into view. It is wielding a +0 hand axe.
An orc wizard comes into view. It is wielding a +0 dagger.
The orc is distracted by your dazzling golden aura.
You hear a shout!
The orc shouts!
Casting: Fireball (dangerous; 3% risk of failure)
Confirm with . or Enter, or press ? or * to list all spells.
Aiming: Fireball (dangerous; 3% risk of failure)
Press: ? - help, Shift-Dir - straight line, f/p - orc warrior
Aim: an orc warrior, wielding a +0 scimitar and wearing a +0 plate armour (moderately wounded, unaware, hasn't noticed you)
The fireball explodes!
The fireball engulfs the orc warrior!!
You kill the orc warrior!
* * * LOW HITPOINT WARNING * * *
The orc priest calls down the wrath of Beogh upon you.
Beogh smites you!
You die...
Your body crumbles into a pile of gold.

... ... ##.. .
###.o### . ..
...$..# ..
#....#
..#.#..$.# #
.......<.# .#
..##.#...# ..#
.....#..##...#..
.......@........
..#.....##......
......... .....
.##.$#.### ....
....$. #..
....... .
##o.##. #o. #.


You could see an orc priest, an orc wizard and an orc.

Vanquished Creatures
  Psyche (D:8)
  Grinder (D:4)
  A wyvern (D:7)
  2 water moccasins (D:6)
  A sky beast (D:6)
  4 orc warriors
  2 ice beasts
  4 black bears
  3 ogres
  3 necrophages
  A phantom (D:4)
  A centaur (D:6)
  Blork the orc (D:4)
  A bullfrog (D:7)
  4 scorpions
  A wyvern skeleton (D:7)
  A water moccasin skeleton (D:4)
  A howler monkey (D:6)
  A bullfrog zombie (D:6)
  2 jellies
  2 centaur skeletons
  2 hounds
  3 orc priests
  2 bullfrog skeletons
  A gnoll shaman (D:4)
  7 iguanas
  7 orc wizards
  A killer bee zombie (D:7)
  A hound skeleton (D:5)
  7 gnolls
  A howler monkey skeleton (D:4)
  6 adders
  A white imp (D:7)
  A worm (D:2)
  26 orcs
  4 ball pythons
  7 bats
  8 endoplasms
  5 giant cockroaches
  4 goblins
  7 hobgoblins
  5 quokkas
  A frilled lizard (D:3)
  5 kobolds
  7 rats
157 creatures vanquished.

Vanquished Creatures (collateral kills)
  5 foxfires (D:1)
5 creatures vanquished.

Vanquished Creatures (others)
  606 foxfires
  5 toadstools (D:1)
611 creatures vanquished.

Grand Total: 773 creatures vanquished

Notes
Turn   | Place    | Note
-------+----------+-------------------------------------------
     0 | D:1      | robertstho the Djinni Fire Elementalist began the quest for
                  | the Orb.
     0 | D:1      | Reached XP level 1. HP: 15/15 MP: 0/0
   346 | D:1      | Reached XP level 2. HP: 17/21 MP: 0/0
  1116 | D:1      | Found Asupp's Antique Weapon Shoppe.
  1398 | D:1      | Found a faded altar of an unknown god.
  1404 | D:1      | Reached skill level 3 in Spellcasting
  1797 | D:2      | Reached XP level 3. HP: 22/25 MP: 0/0
  1797 | D:2      | Learned a level 1 spell: Sandblast
  2599 | D:2      | Found a sacrificial altar of Ru.
  3299 | D:3      | Reached XP level 4. HP: 27/31 MP: 0/0
  3954 | D:3      | Reached XP level 5. HP: 31/35 MP: 0/0
  3954 | D:3      | Learned a level 2 spell: Blink
  4505 | D:4      | Noticed Blork the orc
  4547 | D:4      | Noticed Grinder
  4547 | D:4      | Paralysed by Grinder for 2 turns
  4556 | D:4      | Killed Grinder
  4557 | D:4      | Reached skill level 4 in Spellcasting
  4557 | D:4      | Reached XP level 6. HP: 4/40 MP: 0/0
  4884 | D:4      | Noticed an ogre
  4896 | D:4      | Killed an ogre
  4897 | D:4      | Reached skill level 5 in Spellcasting
  4897 | D:4      | Reached XP level 7. HP: 21/45 MP: 0/0
  4897 | D:4      | Learned a level 3 spell: Vampiric Draining
  5469 | D:4      | Found a stormy altar of Qazlal.
  5753 | D:4      | Killed Blork the orc
  5754 | D:4      | Reached skill level 6 in Spellcasting
  5754 | D:4      | Reached XP level 8. HP: 43/51 MP: 0/0
  5899 | D:4      | Found a staircase to the Ecumenical Temple.
  5904 | Temple   | Entered the Ecumenical Temple
  5924 | Temple   | Became a worshipper of Gozag Ym Sagoz the Greedy
  5983 | D:4      | Identified the +1 morningstar "Xithann" {freeze, rElec
                  | rC++}
  6502 | D:5      | Entered Level 5 of the Dungeon
  6800 | D:5      | Reached skill level 1 in Fighting
  7472 | D:5      | Reached skill level 7 in Spellcasting
  7830 | D:5      | Reached XP level 9. HP: 44/58 MP: 0/0
  7830 | D:5      | Learned a level 3 spell: Call Canine Familiar
  8373 | D:6      | Reached skill level 8 in Spellcasting
  8460 | D:6      | Gained mutation: You are dopey. (Int -2) [potion of
                  | mutation]
  9355 | D:6      | Reached skill level 9 in Spellcasting
  9998 | D:7      | Reached XP level 10. HP: 48/64 MP: 0/0
 11203 | D:8      | Noticed Joseph
 11278 | D:8      | Noticed Psyche
 11281 | D:8      | Killed Psyche
 11282 | D:8      | Reached skill level 10 in Spellcasting
 11857 | D:8      | Killed from afar by an orc priest

Illustrated notes

Levels and vault maps discovered:
D:1:      ldierk_walled_garden, layout_basic, serial_shops, shop,
          shapermc_ecumenical_altar_rom_forum
D:2:      layout_basic, basic_altar, corexii_leaking_fountain
D:3:      layout_loops_cross, mainiacjoe_overflow_concentric_impassable,
          grunt_decor_mini_mirrors
D:4:      minmay_general_purpose_star, layout_loops_ring,
          nicolae_qazlal_general_emergency, temple_doors_e, uniq_blork_the_orc,
          uniq_grinder
D:5:      layout_basic, kennysheep_big_empty_room
D:6:      layout_layer_cave
D:7:      layout_cave_pools
D:8:      layout_basic, nicolae_ru_sacrificial_ziggurat, uniq_joseph,
          uniq_psyche
Temple:   regret_index_temple_waves

Skill      XL: |  1  2  3  4  5  6  7  8  9 10 |
---------------+-------------------------------+-----
Spellcasting   | 3 4 5 6 7 9 10 | 10.3
Stealth        | 2 3 4 |  4.3
Dodging        | 3 |  3.9
Fighting       | 1 2 |  2.2
Maces & Flails | |  0.9

Action                   |  1- 3 |  4- 6 |  7- 9 | 10-12 || total
-------------------------+-------+-------+-------+-------++-------
Melee: Morningstar       |       |       |     1 |       ||     1
 Cast: Foxfire           |   116 |    64 |   192 |       ||   372
       Sticky Flame      |       |     1 |    19 |     1 ||    21
       Fireball          |       |       |    13 |    39 ||    52
Invok: Potion Petition   |       |       |     1 |       ||     1
  Use: Potion            |       |     1 |     3 |     2 ||     6
Armor: Robe              |     2 |     3 |     2 |       ||     7
Dodge: Dodged            |     6 |     7 |    28 |     4 ||    45
